 Dungeon Crawl Stone Soup version 0.29.0-15-g675c0067aa (webtiles) character file.

Game seed: 4754435647450645868

2 qw the Sneak (level 1, 0/14 HPs)
             Began as a Gargoyle Delver on Sept 11, 2022.
             Slain by a scorpion (2 damage)
             ... on level 4 of the Dungeon.
             The game lasted 00:00:06 (239 turns).

qw the Sneak (Gargoyle Delver)                       Turns: 239, Time: 00:00:07

Health: 0/14       AC:  5    Str: 15    XL:     1   Next: 30%
Magic:  1/1        EV: 11    Int: 10    God:
Gold:   0          SH:  0    Dex: 11    Spells: 0/0 levels left

rFire   . . .      SeeInvis .   a - +0 hand axe
rCold   . . .      Faith    .   (no shield)
rNeg    + . .      Spirit   .   b - +0 leather armour
rPois   inf        Reflect  .   (no helmet)
rElec   +          Harm     .   (no cloak)
rCorr   .          Rampage  .   (no gloves)
Will    .....                   (no boots)
Stlth   +++.......              (no amulet)
HPRegen 0.04/turn               (no ring)
MPRegen 0.07/turn               (no ring)

@: no status effects
A: sickness immunity, AC +2, negative energy resistance 1, electricity
resistance, torment resistance 1, petrification resistance
a: no special abilities


You were on level 4 of the Dungeon.
You visited 1 branch of the dungeon, and saw 2 of its levels.


Innate Abilities, Weirdness & Mutations

You are immune to sickness and miasma.
Your stone body is resilient. (AC +2)
You are immune to poison.
You resist negative energy. (rN+)
You are resistant to electric shocks. (rElec)
You are resistant to unholy torment.
You are immune to petrification.


   Skills:
 - Level 3.2 Fighting
 + Level 2.0 Axes
 - Level 1.5 Dodging
 - Level 5.4 Stealth


You couldn't memorise any spells.
You didn't know any spells.
Your spell library was empty.

Inventory:

Hand Weapons
 a - a +0 hand axe (weapon)
Armour
 b - a +0 leather armour (worn)
Wands
 g - a wand of digging (3)
Potions
 f - a potion of haste

Dungeon Overview and Level Annotations

Branches:
Dungeon (5/15)
 Temple: D:4-7

Altars:


Message History

Your Axes skill increases to level 2!
You start resting.
You hear the slow rusting of a very distant drain.
A goblin comes into view. It is wielding a +0 club.
114 ||| FLEEEEING.
There is an open door here.
There is an open door here.
There is an open door here.
You start resting.
You hear the slow rusting of a distant drain.
A goblin is nearby!
169 ||| FLEEEEING.
There is an open door here.
There is an open door here.
You start resting.
You hear the slow rusting of a drain nearby.
HP restored.
You see here a +0 dagger.
A scorpion comes into view.
Found a hand axe.
The scorpion moves out of view.
The scorpion misses you.
You hit the scorpion.
The scorpion is moderately wounded.
The scorpion stings you but does no damage.
You hit the scorpion but do no damage.
The scorpion is moderately wounded.
The scorpion closely misses you.
You barely miss the scorpion.
The scorpion is moderately wounded.
The scorpion stings you.
The scorpion stings you but does no damage.
You closely miss the scorpion.
The scorpion is moderately wounded.
The scorpion stings you!
Ouch! That really hurt!
You hit the scorpion.
The scorpion is heavily wounded.
The scorpion stings you but does no damage.
The scorpion stings you.
You die...

.............. ..
#...).......... ..
#.............. .
#..............
................
####+####...............
#.......#......#s...# .
#.......##..# #.@...#..
.........+..###.........
.........##.............
..........#....)........
#.......###.........#..#
#'#...#'#.#....#+#### ##
..#####...##.......##
....#......'........#
....#..^...##.......##


You could see a scorpion.

Vanquished Creatures
  An orc (D:4)
1 creature vanquished.

Notes
Turn   | Place    | Note
-------+----------+-------------------------------------------
     0 | D:5      | qw the Gargoyle Delver began the quest for the Orb.
     0 | D:5      | Reached XP level 1. HP: 14/14 MP: 1/1
     0 | D:5      | 0 ||| qw: Version: 0.1-a-118-gb4e7ce6
     0 | D:5      | 0 ||| qw: Game counter: 10461
     0 | D:5      | 0 ||| qw: Always use a shield: true
     0 | D:5      | 0 ||| qw: God list: Okawaru
     0 | D:5      | 0 ||| qw: Allow faded altars: false
     0 | D:5      | 0 ||| qw: Do Orc after D:15 true
     0 | D:5      | 0 ||| qw: Do second Lair branch before Depths: true
     0 | D:5      | 0 ||| qw: Lair rune preference: random
     0 | D:5      | 0 ||| qw: Plans: Normal
     0 | D:5      | 0 ||| PLANNING D:1-11
     1 | D:5      | 1 ||| DROPPING scroll of fog.
     2 | D:5      | 2 ||| DROPPING scroll of magic mapping.
     3 | D:5      | 3 ||| DROPPING scroll of fear.
    10 | D:4      | 10 ||| PLANNING SEWER
   114 | D:4      | 114 ||| FLEEEEING.
   169 | D:4      | 169 ||| FLEEEEING.
   230 | D:4      | Noticed a scorpion
   238 | D:4      | HP: 2/14 [scorpion (7)]
   239 | D:4      | Slain by a scorpion

Levels and vault maps discovered:
D:4:      nicolae_cairo_tiling_very_big, layout_basic, gup_sewer_entry_glass,
          chequers_serial_rivers_micro_e, kennysheep_big_empty_room
D:5:      layout_basic, mainiacjoe_overflow_24_doors

Skill      XL: |  1 |
---------------+----+-----
Axes           | 2 |  2.0
Fighting       | |  3.2
Dodging        | |  1.5
Stealth        | |  5.4

Action                   || total
-------------------------++-------
Melee: Hand axe          ||     9
Armor: Leather armour    ||     3
Dodge: Dodged            ||     3

Table legend:
 A = Non-vault XP
 B = Vault XP
 C = Vault XP percentage of total XP
 D = Non-vault monster count
 E = Vault monster count
 F = Vault count percentage of total count
                 A         B        C        D         E       F
            +---------+---------+-------+---------+---------+-------
      Total |       3 |       0 |   0.0 |       1 |       0 |   0.0
            +---------+---------+-------+---------+---------+-------
        D:4 |       3 |       0 |   0.0 |       1 |       0 |   0.0
            +---------+---------+-------+---------+---------+-------
